 Dungeon Crawl Stone Soup version 0.29-a0-369-gd956c00756 (webtiles) character file.

Game seed: 12654977088099078164

651 markstv82 the Chiller (level 7, -4/47 HPs)
             Began as a Human Ice Elementalist on May 1, 2022.
             Was a Believer of Vehumet.
             Slain by an ice beast (5 damage)
             ... on level 5 of the Dungeon on May 2, 2022.
             The game lasted 01:18:20 (5944 turns).

markstv82 the Chiller (Human Ice Elementalist)      Turns: 5944, Time: 01:18:21

Health: -4/47      AC:  2    Str:  8    XL:     7   Next: 83%
Magic:  0/14       EV: 12    Int: 18    God:    Vehumet [**....]
Gold:   181        SH:  0    Dex: 13    Spells: 10/16 levels left

rFire   . . .      SeeInvis .   f - +1 dagger (venom)
rCold   . . .      Faith    .   (no shield)
rNeg    + . .      Spirit   +   a - +0 robe
rPois   .          Reflect  .   (no helmet)
rElec   .          Harm     .   (no cloak)
rCorr   +          Rampage  .   (no gloves)
Will    .....                   (no boots)
Stlth   ++........              r - amulet of guardian spirit
HPRegen 0.15/turn               c - ring of resist corrosion
MPRegen 0.14/turn               w - ring of positive energy

@: very slightly contaminated
A: no striking features
a: Renounce Religion


You were on level 5 of the Dungeon.
You worshipped Vehumet.
Vehumet was pleased with you.
You visited 1 branch of the dungeon, and saw 5 of its levels.

You collected 181 gold pieces.

Inventory:

Hand Weapons
 e - a +0 flail
 f - a +1 dagger of venom (weapon)
 h - a +1 hand axe of flaming
 l - a +0 mace of protection
Missiles
 j - 80 stones (quivered)
Armour
 a - a +0 robe (worn)
Jewellery
 c - a ring of resist corrosion (left hand)
 r - an amulet of guardian spirit (around neck)
 w - a ring of positive energy (right hand)
Wands
 i - a wand of flame (12)
Scrolls
 d - a scroll of holy word
 g - a scroll of noise
 k - 2 scrolls of enchant armour {unknown}
 m - a scroll of fog {unknown}
 o - a scroll of enchant weapon {unknown}
 q - a scroll of teleportation {unknown}
 t - a scroll of vulnerability {unknown}
Potions
 b - a potion of magic
 n - 3 potions of might
 p - a potion of heal wounds {unknown}
 s - a potion of curing {unknown}
 u - a potion of ambrosia {unknown}
 v - a potion of mutation {unknown}


   Skills:
 + Level 0.6 Fighting
 + Level 0.8 Short Blades
 + Level 0.3 Maces & Flails
 + Level 1.1 Throwing
 + Level 2.4 Dodging
 + Level 3.3 Stealth
 + Level 5.0 Spellcasting
 + Level 6.1 Ice Magic
 + Level 1.0 Evocations


You had 10 spell levels left.
You knew the following spells:

 Your Spells              Type           Power      Damage    Failure   Level
a - Freeze                Ice            100%       1d11      1%          1
b - Scorch                Fire           8%         2d5       21%         2
c - Ozocubu's Armour      Ice            26%        N/A       3%          3

Your spell library contained the following spells:

 Spells                   Type           Power      Damage    Failure   Level
 Frozen Ramparts          Ice            52%        1d7       3%          3
 Beastly Appendage        Tmut           8%         N/A       13%         1
 Wereblood                Tmut           4%         N/A       21%         2
 Spider Form              Tmut/Pois      4%         N/A       36%         3
 Hailstorm                Conj/Ice       15%        3d5       36%         4


Dungeon Overview and Level Annotations

Branches:
Dungeon (5/15)
 Temple: D:4-7

Altars:
Kikubaaqudgha
Vehumet

Shops:
D:5 (


Message History

The ice beast hits you but does no damage.
Hit: f) +1 dagger (venom)
Press: ? - help, Dir - move target, f/p - ice beast
Aim: an ice beast (about 37% to evade your +1 dagger of venom)
You hit the ice beast but do no damage. The ice beast hits you.
The ice beast freezes you!
Casting: Freeze (safe; 1% risk of failure)
Confirm with . or Enter, or press ? or * to list all spells.
Aiming: Freeze (safe; 1% risk of failure)
Press: ? - help, Shift-Dir - straight line, f/p - ice beast
Aim: an ice beast You freeze the ice beast but do no damage.
The ice beast completely resists.
The ice beast closely misses you.
Casting: Freeze (safe; 1% risk of failure)
Confirm with . or Enter, or press ? or * to list all spells.
You miscast Scorch.
You are very lightly contaminated with residual magic.
Nothing appears to happen.
The ice beast hits you. The ice beast freezes you.
Casting: Scorch (safe; 21% risk of failure)
Confirm with . or Enter, or press ? or * to list all spells.
Flames lash the ice beast.
The ice beast melts!
The ice beast is lightly wounded.
The ice beast's fire resistance burns away.
The ice beast hits you. The ice beast freezes you!
* * * LOW HITPOINT WARNING * * *
Unknown command.
You closely miss the ice beast.
The ice beast is lightly wounded.
The ice beast hits you.
* * * LOW HITPOINT WARNING * * *
The ice beast freezes you.
* * * LOW HITPOINT WARNING * * *
Aiming: Throw Flame
Press: ? - help, Shift-Dir - straight line, f/p - ice beast
Aim: an ice beast (lightly wounded, more vulnerable to fire, 68% to hit)
Okay, then.
You hit the ice beast but do no damage.
The ice beast is lightly wounded.
The ice beast hits you.
You die...

..........##+#######.......# #
..........# #.......# ..........+
#.......# ..........# #.......#
..........########+#.......######
#########.....................!..
....... .......................#
....... ......Y................#
....... .......@....?..........#
###+### .......$...............#
## .....##+###+####.......#
.#........... #.......#
.+.......... #.......+
.#......... #.......# ##...... .
#.......# ......#########.
......#.........


You could see an ice beast (combustible).

Vanquished Creatures
  Eustachio (D:4)
  An ogre (D:5)
  A scorpion (D:4)
  3 hounds (D:5)
  A jelly (D:4)
  Terence (D:2)
  Jessica (D:2)
  2 iguanas (D:5)
  3 adders
  2 gnolls (D:4)
  A shadow imp (D:5)
  2 worms
  2 dart slugs
  5 orcs (D:4)
  8 endoplasms
  3 giant cockroaches
  6 goblins
  5 hobgoblins
  4 jackals
  8 quokkas
  8 ball pythons
  6 bats
  4 frilled lizards
  10 kobolds
  3 rats
91 creatures vanquished.

Vanquished Creatures (others)
  A human (D:5)
  4 withered plants (D:2)
5 creatures vanquished.

Grand Total: 96 creatures vanquished

Notes
Turn   | Place    | Note
-------+----------+-------------------------------------------
     0 | D:1      | markstv82 the Human Ice Elementalist began the quest for
                  | the Orb.
     0 | D:1      | Reached XP level 1. HP: 13/13 MP: 3/3
   285 | D:1      | Reached XP level 2. HP: 12/19 MP: 0/5
   975 | D:1      | Reached XP level 3. HP: 24/24 MP: 1/6
  1480 | D:2      | Noticed Terence
  1486 | D:2      | HP: 1/24 [Terence/puff of flame (7)]
  1487 | D:2      | Killed Terence
  1488 | D:2      | Reached XP level 4. HP: 2/30 MP: 1/8
  2449 | D:2      | Found a faded altar of an unknown god.
  2530 | D:2      | Prayed at the altar of an unknown god.
  2530 | D:2      | Became a worshipper of Vehumet
  2530 | D:2      | Reached * piety under Vehumet
  2530 | D:2      | Offered knowledge of Magic Dart by Vehumet.
  2655 | D:2      | Noticed Jessica
  2662 | D:2      | Killed Jessica
  2663 | D:2      | Reached XP level 5. HP: 12/35 MP: 7/10
  4044 | D:4      | Reached skill level 5 in Ice Magic
  4044 | D:4      | Reached XP level 6. HP: 42/42 MP: 9/11
  4510 | D:4      | Noticed Eustachio
  4522 | D:4      | Killed Eustachio
  4522 | D:4      | Offered knowledge of Scorch by Vehumet.
  4529 | D:4      | Learned a level 2 spell: Scorch
  4533 | D:4      | Learned a level 3 spell: Ozocubu's Armour
  4550 | D:4      | Reached skill level 1 in Throwing
  4550 | D:4      | Reached XP level 7. HP: 18/47 MP: 2/13
  5003 | D:5      | Entered Level 5 of the Dungeon
  5003 | D:5      | Found Doykki's Antique Weapon Boutique.
  5147 | D:5      | Reached skill level 1 in Evocations
  5177 | D:5      | Reached ** piety under Vehumet
  5263 | D:5      | Found an ancient bone altar of Kikubaaqudgha.
  5423 | D:5      | Noticed a human
  5425 | D:5      | Killed a human
  5708 | D:5      | Reached skill level 5 in Spellcasting
  5708 | D:5      | Reached skill level 6 in Ice Magic
  5943 | D:5      | HP: 1/47 [ice beast (6)]
  5944 | D:5      | Slain by an ice beast

Illustrated notes

Levels and vault maps discovered:
D:1:      mrwooster_arrival_statue_2, layout_loops_corners
D:2:      layout_basic, ebering_ecumenical_altar_petrified, uniq_terence,
          uniq_jessica
D:3:      layout_basic
D:4:      layout_loops_cross, minmay_unequal, uniq_eustachio
D:5:      layout_gridville, tgw_kikubaaqudgha, serial_shops,
          nicolae_take_the_stairs

Skill      XL: |  1  2  3  4  5  6  7 |
---------------+----------------------+-----
Spellcasting   | 3 4 5 |  5.0
Ice Magic      | 5 6 |  6.1
Stealth        | 3 |  3.3
Throwing       | 1 |  1.1
Evocations     | 1 |  1.0
Fighting       | |  0.6
Short Blades   | |  0.8
Maces & Flails | |  0.3
Dodging        | |  2.4

Action                   |  1- 3 |  4- 6 |  7- 9 || total
-------------------------+-------+-------+-------++-------
Melee: Unarmed           |    12 |       |       ||    12
       Flail             |     8 |     1 |       ||     9
       Punch             |     1 |     1 |       ||     2
       Dagger            |       |    16 |     9 ||    25
Throw: Dart              |       |    10 |     2 ||    12
       Stone             |       |     4 |     3 ||     7
 Cast: Freeze            |    43 |    69 |    35 ||   147
       Scorch            |       |       |     1 ||     1
Evoke: Wand              |       |     3 |       ||     3
  Use: Potion            |       |     2 |       ||     2
       Scroll            |       |     4 |       ||     4
 Stab: Sleeping          |     2 |     5 |     1 ||     8
Armor: Robe              |     8 |     9 |     6 ||    23
Dodge: Dodged            |    31 |    34 |    21 ||    86

Table legend: (Time is in decaauts)
 A = Elapsed time spent in this place.
 B = Non-inter-level travel time spent in this place.
 C = Inter-level travel time spent in this place.
 D = Time resting spent in this place.
 E = Time spent auto-exploring this place.
 F = Levels seen in this place.
 G = Mean time per level.
                   A        B        C        D        E       F      G
               +--------+--------+--------+--------+--------+-----+--------+
         Total |   5951 |   5951 |      0 |   2497 |     28 |   5 | 1190.2 |
       Dungeon |   5951 |   5951 |      0 |   2497 |     28 |   5 | 1190.2 |
               +--------+--------+--------+--------+--------+-----+--------+

Top non-repeatable levels by time:
     D:1: 1482 daAuts
     D:2: 1407 daAuts
     D:4: 1124 daAuts
     D:3: 998 daAuts
     D:5: 938 daAuts
